 Dungeon Crawl Stone Soup version 0.30-a0-359-gd0147acb1a (webtiles) character file.

Game seed: 15192820593398217763

43 fingers the Cutter (level 3, 0/24 HPs)
             Began as a Kobold Berserker on Nov 11, 2022.
             Was a Follower of Trog.
             Slain by Natasha (2 damage)
             ... on level 3 of the Dungeon.
             The game lasted 00:02:47 (530 turns).

fingers the Cutter (Kobold Berserker)                Turns: 530, Time: 00:02:47

Health: 0/24       AC:  4    Str: 22    XL:     3   Next: 82%
Magic:  3/3        EV: 15    Int:  8    God:    Trog [*.....]
Gold:   15         SH:  0    Dex: 14    Spells: 2/2 levels left

rFire   . . .      SeeInvis .    c - +2 hand axe (vorpal)
rCold   . . .      Faith    .    (no shield)
rNeg    . . .      Spirit   .    g - +0 leather armour
rPois   .          Reflect  .    (no helmet)
rElec   .          Harm     .    (no cloak)
rCorr   .          Rampage  .    h - +0 pair of gloves
Will    .....                    (no boots)
Stlth   ++........               (no amulet)
HPRegen 0.24/turn                e - +6 ring of strength
MPRegen 0.08/turn                (no ring)

@: slowed, very slow
A: small, no large weapons, nightstalker 3
a: Renounce Religion, Berserk


You were on level 3 of the Dungeon.
You worshipped Trog.
Trog was aware of your devotion.
You visited 1 branch of the dungeon, and saw 3 of its levels.

You collected 15 gold pieces.

Inventory:

Hand Weapons
 a - a +0 short sword
 c - a +2 vorpal hand axe (weapon)
Missiles
 i - 2 poisoned darts
Armour
 b - a +0 animal skin
 g - a +0 leather armour (worn)
 h - a +0 pair of gloves (worn)
Jewellery
 e - a +6 ring of strength (left hand)
Scrolls
 d - a scroll of butterflies {unknown}
 f - 2 scrolls of teleportation {unknown}


   Skills:
 + Level 3.6 Fighting
 - Level 4.0 Short Blades
 * Level 1.4 Axes
 + Level 2.0 Armour
 + Level 3.0 Dodging


You had 2 spell levels left.
You didn't know any spells.
Your spell library was empty.

Dungeon Overview and Level Annotations

Branches:
Dungeon (3/15)

Altars:
Qazlal

Annotations:
D:3 Natasha


Innate Abilities, Weirdness & Mutations

You are small and have problems with some larger weapons.
You are completely attuned to the shadows.


Message History

You closely miss Natasha. The adder barely misses you.
Natasha drinks a potion.
Natasha seems to speed up.
You barely miss the adder.
The adder is lightly wounded.
You barely miss Natasha. Natasha casts a spell at you. The magic dart hits you.
The adder bites you. Natasha barely misses you. The adder barely misses you.
You hit the adder.
The adder is severely wounded.
You hit Natasha.
Natasha mewls in sadness.
Natasha barely misses you. The adder closely misses you.
Natasha mumbles some strange words.
You feel troubled. Natasha casts a spell at you. The magic dart hits you.
The adder misses you.
You miss the adder.
The adder is severely wounded.
You closely miss Natasha. Natasha claws you. The adder closely misses you.
Natasha hisses.
Natasha claws you.
You slash the adder!
You kill the adder!
Trog accepts your kill.
You closely miss Natasha.
Natasha stares at you and mumbles some strange words.
You feel yourself slow down.
Natasha howls an incantation.
You feel disoriented. Natasha barely misses you.
Your Dodging skill increases to level 3!
Natasha claws you!
* * * LOW HITPOINT WARNING * * *
Natasha closely misses you.
You see here an adder corpse.
You barely miss Natasha.
Natasha is moderately wounded.
Natasha claws you.
You die...

#.# ####.##
#.....# #.##..#
.....## #.#.#.#
..~...####...#.#
§§§.(....###.#..
≈§~.....|....##.#
.§~.@.....####
...~h.#...#
...$..#.###
......+.#
......### ####


You could see Natasha (fast).

Vanquished Creatures
  3 adders (D:3)
  A bat (D:1)
  3 endoplasms (D:3)
  A giant cockroach (D:3)
  A hobgoblin (D:3)
  A kobold (D:3)
  A quokka (D:3)
  A ball python (D:3)
  A frilled lizard (D:2)
  3 rats
16 creatures vanquished.

Notes
Turn   | Place    | Note
-------+----------+-------------------------------------------
     0 | D:1      | fingers the Kobold Berserker began the quest for the Orb.
     0 | D:1      | Reached XP level 1. HP: 14/14 MP: 1/1
   231 | D:2      | You fall into a shaft and drop 1 floor!
   297 | D:3      | Reached XP level 2. HP: 16/19 MP: 2/2
   397 | D:3      | Reached skill level 1 in Axes
   413 | D:3      | Reached XP level 3. HP: 23/23 MP: 3/3
   521 | D:3      | Found a stormy altar of Qazlal.
   521 | D:3      | Noticed Natasha
   530 | D:3      | Slain by Natasha

Illustrated notes

Levels and vault maps discovered:
D:1:      dpeg_arrival_court, layout_basic, kennysheep_doodads,
          minmay_misc_feat_pillars, corexii_leaking_fountain
D:2:      layout_basic
D:3:      minmay_diamond_boxcup, layout_basic, nicolae_hepliaklqana_hippocampus,
          lemuel_round_altar, nicolae_qazlal_scattered_showers, serial_shops,
          nicolae_shop_crystal, minmay_quadrilaterals, uniq_natasha,
          uniq_crazy_yiuf_cottage, uniq_sigmund

Skill      XL: |  1  2  3 |
---------------+----------+-----
Axes           | 1 |  1.4
Armour         | 2 |  2.0
Dodging        | 3 |  3.0
Fighting       | |  3.6
Short Blades   | |  4.0

Action                   || total
-------------------------++-------
Melee: Hand axe          ||    34
       Short sword       ||     5
 Stab: Sleeping          ||     6
Armor: Animal skin       ||     2
       Leather armour    ||     6
Dodge: Dodged            ||    35

Table legend: (Time is in decaauts)
 A = Elapsed time spent in this place.
 B = Non-inter-level travel time spent in this place.
 C = Inter-level travel time spent in this place.
 D = Time resting spent in this place.
 E = Time spent auto-exploring this place.
 F = Levels seen in this place.
 G = Mean time per level.
                   A        B        C        D        E       F      G
               +--------+--------+--------+--------+--------+-----+--------+
         Total |    536 |    536 |      0 |      0 |    307 |   3 |  178.7 |
       Dungeon |    536 |    536 |      0 |      0 |    307 |   3 |  178.7 |
               +--------+--------+--------+--------+--------+-----+--------+

Top non-repeatable levels by time:
     D:3: 306 daAuts
     D:1: 190 daAuts
     D:2: 40 daAuts
